[Event "Titled Tuesday Blitz December 7 2021"]
[White "Cvetanovic, Uros"]
[Black "Bologan, Victor"]
[WhiteFideId "900672"]
[BlackFideId "13900048"]
[WhiteElo "2439"]
[BlackElo "2769"]
[Result "0-1"]
[Round "01"]
[TimeControl "180+1"]
[Date "2021.12.07"]
[WhiteClock "0:00:04"]
[BlackClock "0:00:54"]

1. Nc3 d5 2. e4 d4 3. Nce2 h5 4. Nf3 Nc6 5. h4 Bg4 6. Ng3 Qd7 7. d3 e6 8. Be2 Bd6 9. Nf1 Nge7 10. N1h2 Ng6 11. g3 O-O-O 12. Bd2 f5 13. Ng5 Bxe2 14. Qxe2 f4 15. Nf1 fxg3 16. fxg3 Nb4 17. Bxb4 Bxb4+ 18. Nd2 Ne5 19. O-O-O Rdf8 20. Rdf1 Rf6 21. Rxf6 gxf6 22. Ngf3 Ng4 23. a3 Bd6 24. Rg1 c5 25. Nc4 Bc7 26. Ncd2 f5 27. e5 Qd5 28. Nc4 b5 29. Nd6+ Bxd6 30. exd6 Qxd6 31. Ng5 Re8 32. Rf1 Qd5 33. Nf7 Re7 34. Nh6 Nxh6 35. Qxh5 Ng4 0-1


[Site "https://www.chess.com"]

[Event "Titled Tuesday Blitz December 7 2021"]
[White "Demin, Vladimir"]
[Black "Paravyan, David"]
[WhiteFideId "4167457"]
[BlackFideId "4194985"]
[WhiteElo "2499"]
[BlackElo "3009"]
[Result "0-1"]
[Round "01"]
[TimeControl "180+1"]
[Date "2021.12.07"]
[WhiteClock "0:00:01"]
[BlackClock "0:00:09"]

1. e4 e5 2. Nf3 Nc6 3. Bb5 a6 4. Bxc6 dxc6 5. O-O Bg4 6. h3 h5 7. d3 Qf6 8. Nbd2 Ne7 9. Nc4 Bxf3 10. Qxf3 Qxf3 11. gxf3 Ng6 12. Rd1 Be7 13. Kf1 O-O-O 14. Ke2 Bf6 15. Be3 Nf8 16. c3 Ne6 17. a4 g6 18. b4 Rhe8 19. Na5 Bg5 20. Nb3 Rd6 21. Rg1 Nf4+ 22. Bxf4 Bxf4 23. Rad1 b6 24. Nd2 Bxd2 25. Rxd2 Kb7 26. Ke3 Ra8 27. a5 Rad8 28. Rg5 Re6 29. d4 exd4+ 30. cxd4 Rd5 31. Rxd5 cxd5 32. Rc2 g5 33. Kd3 Rf6 34. Ke3 Rf4 35. axb6 Kxb6 36. exd5 Rh4 37. Rc6+ Kb7 38. Rf6 Rxh3 39. Rxf7 Kb6 40. Rf6+ Kb7 41. Rf7 Kb6 42. Rf6+ Kb7 43. Ke4 Rh2 44. Rg6 Rxf2 45. Rxg5 h4 46. Rh5 Rh2 47. Rh7 Kb6 48. Rh6+ Kb5 49. Rh7 Rc2 50. Rxh4 Kxb4 51. Rh8 a5 52. Rb8+ Kc4 53. Ke3 a4 54. Ra8 Ra2 55. f4 Kxd5 56. f5 a3 57. Kd3 Rf2 58. Kc3 Rxf5 59. Kb4 Rf3 60. Rd8+ Ke4 61. Kc4 a2 62. Re8+ Kf4 63. Ra8 Rf2 64. Ra7 Ke4 65. Ra8 Rc2+ 66. Kb3 Kd3 67. d5 Rh2 68. Ra7 Kd4 69. Ra5 Ke5 70. Kc3 Ke4 71. Kc4 Rc2+ 72. Kb3 Kd3 73. d6 cxd6 74. Rd5+ Ke4 75. Ra5 Rg2 76. Kc3 d5 77. Ra4+ Ke3 78. Ra8 d4+ 79. Kc4 Rc2+ 80. Kb3 d3 81. Rb8 a1=Q 0-1


[Site "https://www.chess.com"]

[Event "Titled Tuesday Blitz December 7 2021"]
[White "Devaev, Alexander"]
[Black "Kamsky, Gata"]
[WhiteFideId "4169395"]
[BlackFideId "2000024"]
[WhiteElo "2471"]
[BlackElo "2899"]
[Result "1/2-1/2"]
[Round "01"]
[TimeControl "180+1"]
[Date "2021.12.07"]
[WhiteClock "0:00:08"]
[BlackClock "0:00:20"]

1. d4 Nf6 2. c4 e6 3. Nf3 b6 4. a3 c6 5. Nc3 d5 6. cxd5 cxd5 7. Bf4 Bd6 8. e3 Bxf4 9. exf4 O-O 10. Bd3 Ba6 11. O-O Bxd3 12. Qxd3 Nc6 13. Ne5 Ne7 14. Rac1 a6 15. Rc2 Qd6 16. Rfc1 Rfc8 17. Na4 Rxc2 18. Rxc2 g6 19. f3 Kg7 20. g3 Ne8 21. Qb3 Rb8 22. Qd3 Nc7 23. Kg2 Nb5 24. Nc3 Nxc3 25. Rxc3 f6 26. Ng4 a5 27. Ne3 Rc8 28. Rxc8 Nxc8 29. Qc3 Ne7 30. Kf2 Qc6 31. Qxc6 Nxc6 32. Nc2 Kf7 33. Ke3 Ke7 34. Kd3 Kd6 35. Ne3 Nd8 36. Nd1 Nf7 37. Nc3 Kc6 38. b3 Nd6 39. Nd1 Nb5 40. a4 Nc7 41. Ne3 Kd6 42. Ng4 Ke7 43. Ne3 Na6 44. Nc2 Nb8 45. b4 axb4 46. Nxb4 Kd6 47. Kc3 Kc7 48. Kb3 Nd7 49. Kc3 f5 50. Nd3 Nf6 51. Ne5 Ne8 52. Nf7 Kd7 53. Kb4 Ke7 54. Ne5 Nd6 55. Nc6+ Kd7 56. Ne5+ Kc7 57. Nd3 Kc6 58. Ne5+ Kb7 59. Nd3 Kc7 60. Ne5 Kc8 61. Nc6 Kd7 62. Ne5+ Kd8 63. Nc6+ Kd7 1/2-1/2


[Site "https://www.chess.com"]

[Event "Titled Tuesday Blitz December 7 2021"]
[White "Diaz Camallonga, Carles"]
[Black "Perrine, Dalton"]
[WhiteFideId "22235256"]
[BlackFideId "2048434"]
[WhiteElo "2743"]
[BlackElo "2418"]
[Result "1-0"]
[Round "01"]
[TimeControl "180+1"]
[Date "2021.12.07"]
[WhiteClock "0:01:11"]
[BlackClock "0:00:10"]

1. e4 c5 2. Nf3 d6 3. Bb5+ Bd7 4. a4 Nc6 5. O-O Nf6 6. Re1 e6 7. c3 a6 8. Bf1 Be7 9. d4 cxd4 10. cxd4 d5 11. e5 Ne4 12. Nbd2 Nxd2 13. Bxd2 Qb6 14. Bc3 O-O 15. a5 Qd8 16. Bd3 Na7 17. Bb1 Rc8 18. Qd3 g6 19. Qe3 Re8 20. Bd2 Bf8 21. h4 Nc6 22. h5 Bg7 23. hxg6 fxg6 24. Ng5 Bh6 25. f4 Qe7 26. Nf3 Rf8 27. g3 Na7 28. Kg2 Nb5 29. Rh1 Qg7 30. Bd3 Nc7 31. Rh3 1-0


[Site "https://www.chess.com"]

[Event "Titled Tuesday Blitz December 7 2021"]
[White "Dilmukhametov, Artur"]
[Black "Gabrielian, Artur"]
[WhiteFideId "24179922"]
[BlackFideId "4131002"]
[WhiteElo "2412"]
[BlackElo "2726"]
[Result "0-1"]
[Round "01"]
[TimeControl "180+1"]
[Date "2021.12.07"]
[WhiteClock "0:01:55"]
[BlackClock "0:01:29"]

1. d4 Nf6 2. Nc3 d5 3. Bf4 g6 4. h4 Bg7 5. e3 h5 6. Nf3 O-O 7. Ne5 c5 8. Be2 cxd4 9. exd4 Nc6 10. Qd2 Bf5 11. f3 Rc8 12. g4 hxg4 13. fxg4 Be4 14. Rh2 Qb6 15. O-O-O Nb4 16. Bd3 Rxc3 0-1


[Site "https://www.chess.com"]

[Event "Titled Tuesday Blitz December 7 2021"]
[White "Donchenko, Alexander"]
[Black "Przybylski, Wojciech"]
[WhiteFideId "24603295"]
[BlackFideId "1117599"]
[WhiteElo "2816"]
[BlackElo "2456"]
[Result "1-0"]
[Round "01"]
[TimeControl "180+1"]
[Date "2021.12.07"]
[WhiteClock "0:00:02"]
[BlackClock "0:00:06"]

1. d4 d5 2. c4 c6 3. Nf3 Nf6 4. Qc2 dxc4 5. Qxc4 Bf5 6. g3 Nbd7 7. Bg2 e6 8. O-O Be7 9. e3 O-O 10. Qe2 c5 11. Nc3 Qb6 12. Rd1 cxd4 13. Nxd4 Bg4 14. Nf3 Ne5 15. h3 Nxf3+ 16. Bxf3 Bxh3 17. g4 Bd6 18. Bd2 Rfd8 19. Be1 Qc5 20. Rd4 Qe5 21. Rxd6 Rxd6 22. Nb5 Rb6 23. Nd4 h5 24. gxh5 Qg5+ 25. Kh2 e5 26. Kxh3 exd4 27. exd4 Re8 28. Qd1 Rxb2 29. Qc1 Qf5+ 30. Kg2 Rb5 31. a4 Rb3 32. Qd1 Rd3 33. Bd2 Rxd4 34. Qc1 Nxh5 35. Ra3 Nf4+ 36. Bxf4 Rxf4 37. Qc7 Qg5+ 38. Kf1 Rb4 39. Ra1 Qe5 40. Qc1 Rf4 41. Ra3 b6 42. Re3 Rxf3 43. Rxe5 Rxe5 44. Qc8+ Kh7 45. Qc2+ g6 46. Qc7 Ref5 47. Qxa7 Rxf2+ 48. Ke1 R2f4 49. Qa6 Rb4 50. Qa7 Re4+ 51. Kd2 Re6 52. Kd3 Kg7 53. Kd4 Ref6 54. Kd3 Ra5 55. Qd7 Rh5 56. Ke2 Re5+ 57. Kd3 Ree6 58. Qc7 Rd6+ 59. Ke2 Rfe6+ 60. Kf2 Rd5 61. Kg3 Rf5 62. Kg4 Ref6 63. Qc3 Rf3 64. Qb2 Rf4+ 65. Kg5 Rf5+ 66. Kg4 Ra5 67. Qa1 b5 68. Kg3 bxa4 69. Qa3 Raa6 70. Kg4 Kg8 71. Kg5 Kh7 72. Qh3+ Kg8 73. Kh6 Ra8 74. Qc3 g5+ 75. Qxf6 1-0


[Site "https://www.chess.com"]

[Event "Titled Tuesday Blitz December 7 2021"]
[White "Dorokhin, Mykhailo"]
[Black "Demchenko, Anton"]
[WhiteFideId "14114178"]
[BlackFideId "4160258"]
[WhiteElo "2479"]
[BlackElo "2921"]
[Result "0-1"]
[Round "01"]
[TimeControl "180+1"]
[Date "2021.12.07"]
[WhiteClock "0:00:16"]
[BlackClock "0:00:04"]

1. d4 d5 2. Nf3 Nf6 3. Bf4 e6 4. e3 c5 5. c3 Nc6 6. Nbd2 Nh5 7. Bg3 Be7 8. Bd3 g6 9. O-O O-O 10. Rc1 Bd7 11. Qe2 Rc8 12. Bb1 Qb6 13. Nb3 Nxg3 14. hxg3 c4 15. Na1 f5 16. b4 cxb3 17. axb3 Ba3 18. Rc2 Bd6 19. Nd2 Na5 20. c4 Bb4 21. c5 Qb5 22. Qxb5 Bxb5 23. Rfc1 Rc7 24. Nf3 Rfc8 25. Ng5 Bd7 26. Ra2 b6 27. Bd3 bxc5 28. Ba6 Rb8 29. dxc5 Nc6 30. Nf3 e5 31. Rd1 Be6 32. Ng5 Nd8 33. Nxe6 Nxe6 34. Rxd5 Nxc5 35. Bc4 Kg7 36. Nc2 Bc3 37. Ra3 e4 38. Nd4 Bxd4 39. Rxd4 Rb6 40. Rd8 h5 41. Ra8 a6 42. f3 Re7 43. Kf2 Rd6 44. Ke2 Red7 45. Ra2 Nd3 46. Bxd3 Rxd3 47. R8xa6 exf3+ 48. gxf3 Rxb3 49. Ra7 Rxa7 50. Rxa7+ Kh6 51. Ra2 Rb1 52. Kf2 Kg5 53. Kg2 Re1 54. Ra3 Re2+ 55. Kh3 Rb2 56. f4+ Kh6 57. Ra6 Re2 58. Re6 Kg7 59. Re5 Kf6 60. Re8 Kf7 61. Re5 Kg7 62. Kh4 Kf6 63. Kh3 Kf7 64. Kh4 Rh2+ 65. Kg5 Rh3 66. e4 Rxg3+ 67. Kh6 fxe4 68. f5 gxf5 69. Rxf5+ Ke6 70. Rf4 Ke5 71. Rh4 e3 72. Kxh5 e2 73. Rh1 Ke4 74. Kh4 Rg8 75. Re1 Ke3 76. Kh3 Kf2 0-1


[Site "https://www.chess.com"]

[Event "Titled Tuesday Blitz December 7 2021"]
[White "Durarbayli, Vasif"]
[Black "Rozhkov, Viacheslav"]
[WhiteFideId "13402935"]
[BlackFideId "4181484"]
[WhiteElo "2851"]
[BlackElo "2465"]
[Result "1-0"]
[Round "01"]
[TimeControl "180+1"]
[Date "2021.12.07"]
[WhiteClock "0:00:15"]
[BlackClock "0:00:00"]

1. e4 c5 2. b3 Nc6 3. Bb2 d6 4. Bb5 e5 5. f4 a6 6. Bxc6+ bxc6 7. Qf3 Qc7 8. fxe5 dxe5 9. Na3 Be6 10. Qe2 Nf6 11. Nf3 Bd6 12. Nc4 Bxc4 13. Qxc4 O-O 14. O-O Rab8 15. Bc3 Rfe8 16. Nh4 Bf8 17. Rf3 Re6 18. Raf1 Rd8 19. h3 Rd4 20. Bxd4 cxd4 21. d3 c5 22. Nf5 Qc6 23. Ng3 Qd7 24. Rf5 Qc6 25. a4 Qc7 26. Nh5 Nxh5 27. Rxh5 Qc6 28. Rhf5 f6 29. g4 Kh8 30. g5 Be7 31. Kh1 1-0


[Site "https://www.chess.com"]

[Event "Titled Tuesday Blitz December 7 2021"]
[White "Faizrakhmanov, Ramil"]
[Black "Majdan, Joanna"]
[WhiteFideId "24103209"]
[BlackFideId "1121979"]
[WhiteElo "2824"]
[BlackElo "2458"]
[Result "1/2-1/2"]
[Round "01"]
[TimeControl "180+1"]
[Date "2021.12.07"]
[WhiteClock "0:00:04"]
[BlackClock "0:00:11"]

1. e4 c5 2. Nf3 e6 3. d4 cxd4 4. Nxd4 a6 5. Bd3 Nf6 6. O-O Qc7 7. c4 d6 8. Nc3 g6 9. Be3 Bg7 10. f4 O-O 11. Qf3 Nc6 12. Nxc6 bxc6 13. Rae1 e5 14. fxe5 dxe5 15. Bg5 Nh5 16. c5 Be6 17. g3 f6 18. Be3 f5 19. exf5 Bxf5 20. Bxf5 Rxf5 21. Qe4 Nf6 22. Qc4+ Kh8 23. Rxf5 gxf5 24. Rf1 Ng4 25. Bc1 Rf8 26. Qe6 Rf6 27. Qe8+ Rf8 28. Qh5 Qd7 29. Kg2 e4 30. h3 Ne5 31. Bh6 Nf3 32. Bxg7+ Qxg7 33. Rd1 Rg8 34. g4 fxg4 35. hxg4 Qxg4+ 36. Qxg4 Rxg4+ 37. Kf2 Rh4 38. Ke3 Ne5 39. Rd4 Ng4+ 40. Kxe4 Nf6+ 41. Ke5 Rxd4 42. Kxd4 h5 43. Ke5 Kg7 44. Ne2 h4 45. Nf4 Ng4+ 46. Kf5 Nf2 47. Ne6+ Kf7 48. Nd8+ Ke8 49. Ne6 h3 50. Ng7+ Kf7 51. Nh5 h2 52. Ng3 h1=Q 53. Nxh1 Nxh1 54. Ke5 Ke7 55. b4 Nf2 56. Kd4 Kd7 57. a4 Ng4 58. Kc4 Kc7 59. b5 Ne5+ 60. Kb4 axb5 61. axb5 Nd3+ 62. Ka5 Nxc5 63. bxc6 Kxc6 1/2-1/2


[Site "https://www.chess.com"]

[Event "Titled Tuesday Blitz December 7 2021"]
[White "Fawzy, Adham"]
[Black "Shuvalov, Evgenij"]
[WhiteFideId "10613129"]
[BlackFideId "4187237"]
[WhiteElo "2727"]
[BlackElo "2413"]
[Result "1-0"]
[Round "01"]
[TimeControl "180+1"]
[Date "2021.12.07"]
[WhiteClock "0:01:21"]
[BlackClock "0:01:25"]

1. e4 e6 2. d4 d5 3. Nc3 Bb4 4. exd5 exd5 5. Bd3 Nc6 6. Ne2 Nf6 7. Bg5 Be7 8. Qd2 Nb4 9. O-O-O c6 10. f3 h5 11. Rhe1 Be6 12. Nf4 Nxd3+ 13. Qxd3 Bd7 14. Bxf6 gxf6 15. Re3 Kf8 16. Kb1 Bd6 17. Nce2 Qc7 18. g3 Re8 19. Rxe8+ Kxe8 20. Ng2 Kd8 21. Nh4 Qc8 22. Nc1 Bh3 23. Re1 Qd7 24. Qd2 Kc8 25. Nd3 b6 26. a3 Kb7 27. Qe2 Bf5 28. Nb4 b5 29. Nxf5 Qxf5 30. Nd3 h4 31. g4 Qd7 32. h3 Bg3 33. Nc5+ Kc7 34. Nxd7 Kxd7 35. Qe7+ 1-0


[Site "https://www.chess.com"]

[Event "Titled Tuesday Blitz December 7 2021"]
[White "Ferreira, Vitor Hugo Vieira"]
[Black "Horvath, Dominik"]
[WhiteFideId "2119765"]
[BlackFideId "1642561"]
[WhiteElo "2453"]
[BlackElo "2797"]
[Result "0-1"]
[Round "01"]
[TimeControl "180+1"]
[Date "2021.12.07"]
[WhiteClock "0:00:06"]
[BlackClock "0:00:24"]

1. e4 e5 2. Nf3 Nc6 3. d4 exd4 4. Bc4 Nf6 5. O-O Nxe4 6. Re1 d5 7. Bxd5 Qxd5 8. Nc3 Qd7 9. Nxe4 Be7 10. Bg5 O-O 11. Bxe7 Qxe7 12. Nxd4 Bd7 13. Nb3 Rae8 14. Nec5 Qxe1+ 15. Qxe1 Rxe1+ 16. Rxe1 Bc8 17. c3 b6 18. Ne4 Be6 19. Ng5 Bf5 20. f3 h6 21. Ne4 Rd8 22. Kf2 Be6 23. Ke3 Ne5 24. Nbd2 a5 25. a3 c5 26. h3 g5 27. Nf6+ Kg7 28. Ng4 Nd3 29. Rb1 Nf4 30. Ne4 Nxg2+ 31. Kf2 Nf4 32. Ne3 Nxh3+ 33. Kg3 Nf4 34. b4 Rd3 35. Kf2 Nh3+ 36. Ke2 Nf4+ 37. Kf2 cxb4 38. axb4 a4 39. c4 a3 40. c5 a2 41. Ra1 Nh3+ 42. Ke2 Nf4+ 43. Kf2 Rb3 44. cxb6 Rxb4 45. Nc5 Rxb6 46. Nxe6+ Rxe6 47. Rxa2 Rc6 48. Nf5+ Kh7 49. Nd4 Rb6 50. Ra7 Kg6 51. Ra2 h5 52. Nc2 h4 53. Ne3 Rb2+ 54. Rxb2 Nd3+ 55. Kg2 Nxb2 56. Kh3 Nd3 57. Kg2 Nf4+ 58. Kf2 Kf6 59. Nf1 Kf5 60. Nd2 Ke5 61. Nc4+ Kd5 62. Ne3+ Ke5 63. Ng4+ Kd4 64. Nh6 f6 65. Ng4 Nd5 66. Nh6 Ke5 67. Nf7+ Kf4 68. Nh6 Ne7 69. Nf7 Ng6 70. Nd6 Ne5 71. Ne8 Nxf3 72. Nxf6 Ne5 73. Nd5+ Ke4 74. Nf6+ Kf5 75. Nh5 Kg6 76. Ng3 hxg3+ 77. Kxg3 Kf5 78. Kg2 g4 79. Kf2 Kf4 80. Kg1 g3 81. Kg2 Kg4 0-1


[Site "https://www.chess.com"]

[Event "Titled Tuesday Blitz December 7 2021"]
[White "Gaehwiler, Gabriel"]
[Black "Dolzhykova, Kateryna"]
[WhiteFideId "1314530"]
[BlackFideId "14113414"]
[WhiteElo "2702"]
[BlackElo "2385"]
[Result "0-1"]
[Round "01"]
[TimeControl "180+1"]
[Date "2021.12.07"]
[WhiteClock "0:00:20"]
[BlackClock "0:00:09"]

1. d4 Nf6 2. c4 e6 3. g3 d5 4. Bg2 Be7 5. Nf3 O-O 6. Qc2 dxc4 7. Qxc4 a6 8. Bf4 Nd5 9. O-O Nxf4 10. gxf4 b5 11. Qc2 g6 12. Rd1 Bb7 13. Nc3 Nd7 14. Ne5 Bxg2 15. Kxg2 Nb6 16. Qe4 Bd6 17. Rac1 Qh4 18. Qf3 f6 19. Nd3 Rae8 20. Ne4 e5 21. dxe5 fxe5 22. Qg3 Qh5 23. Qf3 Qh4 24. Rc5 Bxc5 25. Nexc5 Nc4 26. Qg3 Qxg3+ 27. hxg3 e4 28. Nb4 Nxb2 29. Rd7 a5 30. Nd5 Rf7 31. Nxc7 Rxd7 32. Nxd7 Re7 33. Nd5 Rxd7 34. Nf6+ Kf7 35. Nxd7 Ke6 36. Nc5+ Kd5 37. Nb3 a4 38. Nc1 b4 39. Kf1 Nc4 40. Ke1 Kd4 41. g4 Kc3 42. f5 gxf5 43. gxf5 b3 44. axb3 axb3 45. Nxb3 Kxb3 46. f6 Nd6 47. Kd2 Kc4 48. Ke3 Kd5 49. Kf4 Ke6 50. Kg5 Ne8 51. f3 exf3 52. exf3 Nxf6 53. Kf4 Kf7 54. Kg5 Kg7 55. f4 h6+ 56. Kf5 Ng8 57. Kg4 Ne7 58. Kh5 Nf5 59. Kg4 Kf6 60. Kh5 Kf7 61. Kg4 Ke6 62. Kh5 Kd5 63. Kg4 Ke4 64. Kh3 Kxf4 65. Kh2 Kg5 66. Kh1 h5 67. Kg2 h4 68. Kh1 Kg4 69. Kh2 h3 70. Kh1 Kg3 71. Kg1 Nd6 72. Kh1 Ne4 73. Kg1 h2+ 74. Kf1 h1=Q+ 75. Ke2 Qf3+ 0-1


[Site "https://www.chess.com"]

[Event "Titled Tuesday Blitz December 7 2021"]
[White "Grunberg, Mihai-Lucian"]
[Black "Yilmaz, Mustafa"]
[WhiteFideId "1204149"]
[BlackFideId "6302718"]
[WhiteElo "2497"]
[BlackElo "2995"]
[Result "0-1"]
[Round "01"]
[TimeControl "180+1"]
[Date "2021.12.07"]
[WhiteClock "0:00:10"]
[BlackClock "0:00:37"]

1. Nf3 c5 2. c4 Nc6 3. g3 g6 4. Bg2 Bg7 5. O-O e6 6. Nc3 d6 7. e3 Nge7 8. d4 O-O 9. b3 Rb8 10. Bb2 b6 11. Qe2 cxd4 12. exd4 Nxd4 13. Nxd4 Bxd4 14. Rfd1 Bg7 15. Nb5 Nf5 16. Nxa7 Bb7 17. Nc6 Bxc6 18. Bxc6 Bxb2 19. Qxb2 e5 20. Bg2 Qf6 21. Rd5 h5 22. h4 Nd4 23. Rd1 Rfe8 24. Rd2 Rbc8 25. Qa3 Rc5 26. Qa7 Qd8 27. f4 Re7 28. Qa6 Kg7 29. fxe5 Rxd5 30. Bxd5 dxe5 31. Kg2 Qd6 32. Qa4 Nf5 33. Kh2 e4 34. Rg2 Nxh4 35. Re2 Nf5 36. Rg2 h4 37. Qc6 hxg3+ 38. Kg1 Qf4 39. Re2 Qf3 0-1


[Site "https://www.chess.com"]

[Event "Titled Tuesday Blitz December 7 2021"]
[White "Guseva, Marina"]
[Black "Saydaliev, Saidakbar"]
[WhiteFideId "4149351"]
[BlackFideId "14203693"]
[WhiteElo "2400"]
[BlackElo "2709"]
[Result "0-1"]
[Round "01"]
[TimeControl "180+1"]
[Date "2021.12.07"]
[WhiteClock "0:00:42"]
[BlackClock "0:00:51"]

1. d4 Nf6 2. c4 e6 3. Nf3 d5 4. g3 dxc4 5. Bg2 a6 6. O-O Nc6 7. e3 Rb8 8. Nfd2 e5 9. Bxc6+ bxc6 10. dxe5 Ng4 11. Nxc4 Be6 12. Nbd2 Bb4 13. Qc2 h5 14. b3 h4 15. Nf3 hxg3 16. fxg3 f5 17. exf6 Qxf6 18. Bb2 Qh6 19. Qe4 Nxh2 20. Nh4 Nxf1 21. Rxf1 Be7 22. Bxg7 Qxg7 23. Qxe6 Qxg3+ 24. Ng2 Qh2+ 25. Kf2 Rf8+ 26. Ke1 Qg3+ 27. Kd2 Qxg2+ 28. Kc3 Rxf1 0-1


[Site "https://www.chess.com"]

[Event "Titled Tuesday Blitz December 7 2021"]
[White "Dronavalli, Harika"]
[Black "Zhuravleva, Olga"]
[WhiteFideId "5015197"]
[BlackFideId "4145933"]
[WhiteElo "2382"]
[BlackElo "2119"]
[Result "1/2-1/2"]
[Round "01"]
[TimeControl "180+1"]
[Date "2021.12.07"]
[WhiteClock "0:00:30"]
[BlackClock "0:00:06"]

1. d4 Nf6 2. Nf3 e6 3. Bf4 b6 4. e3 Bb7 5. Nbd2 d5 6. Bd3 Bd6 7. Qe2 Nbd7 8. c3 h6 9. O-O O-O 10. Ne5 Ne4 11. Nxe4 dxe4 12. Bc2 Bxe5 13. dxe5 Qe7 14. Rfd1 Rfd8 15. b4 a5 16. a3 c5 17. Qg4 Kh8 18. b5 Nf8 19. Bg3 Qg5 20. Qxg5 hxg5 21. h4 gxh4 22. Bxh4 Rxd1+ 23. Rxd1 Bd5 24. Be7 Ng6 25. Bd6 Ra7 26. a4 Rd7 27. c4 Bxc4 28. Bxe4 Nxe5 29. Bc6 Rd8 30. f4 Ng4 31. e4 Bb3 32. Rd3 Bxa4 33. e5 Kg8 34. Rg3 Nh6 35. Ra3 Bc2 36. Rc3 Ba4 37. Kh2 Nf5 38. Bc7 Rd2 39. Bxb6 Nd4 40. Bxa5 Nxc6 41. Rxc5 Ra2 42. bxc6 Bxc6 43. Rxc6 Rxa5 44. Rc7 Ra3 45. g3 g6 46. Kh3 Kg7 47. Kg4 Ra4 48. Kg5 Re4 49. Rc3 Re2 50. g4 Re4 51. Rc7 Re2 52. Ra7 Rh2 53. f5 gxf5 54. gxf5 Rg2+ 55. Kh4 exf5 56. Kh5 Kf8 57. Kh4 Rg4+ 58. Kh5 Re4 59. Kg5 Rxe5 60. Kf6 Re6+ 61. Kxf5 Kg7 62. Ra8 Rf6+ 63. Ke5 Re6+ 64. Kd5 Rf6 65. Ra1 Rg6 66. Ke5 f6+ 67. Ke6 Rg5 68. Re1 Re5+ 69. Rxe5 fxe5 70. Kf5 e4 71. Kf4 e3 72. Kxe3 1/2-1/2


[Site "https://www.chess.com"]

[Event "Titled Tuesday Blitz December 7 2021"]
[White "Ivanchuk, Vasyl"]
[Black "Pacheco Lugo, Alejandro Jose"]
[WhiteFideId "14100010"]
[BlackFideId "3903745"]
[WhiteElo "2773"]
[BlackElo "2439"]
[Result "1-0"]
[Round "01"]
[TimeControl "180+1"]
[Date "2021.12.07"]
[WhiteClock "0:00:49"]
[BlackClock "0:00:07"]

1. e4 c5 2. Ne2 Nf6 3. Nbc3 d6 4. g3 Nc6 5. Bg2 g6 6. d3 Bg7 7. h3 O-O 8. O-O Rb8 9. a4 a6 10. f4 Nd7 11. Kh2 b5 12. axb5 axb5 13. e5 Nd4 14. exd6 exd6 15. Nxd4 Bxd4 16. Ne4 Nb6 17. c3 Bg7 18. Be3 Nd5 19. Bg1 b4 20. c4 Nc7 21. d4 Ne6 22. dxc5 dxc5 23. b3 Bd4 24. f5 Bxg1+ 25. Kxg1 Qxd1 26. Raxd1 gxf5 27. Rxf5 Nd4 28. Rg5+ Kh8 29. Nxc5 Ne2+ 30. Kh2 Nc3 31. Rd6 f6 32. Rh5 Kg8 33. Nd7 Bxd7 34. Rxd7 1-0


[Site "https://www.chess.com"]

[Event "Titled Tuesday Blitz December 7 2021"]
[White "Jobava, Baadur"]
[Black "Aslanov, Umid"]
[WhiteFideId "13601520"]
[BlackFideId "13412620"]
[WhiteElo "2918"]
[BlackElo "2474"]
[Result "1-0"]
[Round "01"]
[TimeControl "180+1"]
[Date "2021.12.07"]
[WhiteClock "0:01:51"]
[BlackClock "0:01:32"]

1. e4 c5 2. d4 cxd4 3. c3 d3 4. Bxd3 d6 5. f4 Nc6 6. Nf3 g6 7. O-O Bg7 8. Kh1 Nf6 9. Be3 O-O 10. Nbd2 Bg4 11. h3 Bxf3 12. Nxf3 Qc7 13. Qe1 Rad8 14. Rd1 a6 15. a3 b5 16. Bb1 Na5 17. Qh4 Nc4 18. Bc1 Nh5 19. g4 Nf6 20. f5 h5 21. gxh5 Nxh5 22. Rg1 Qc5 23. Rd5 Qb6 24. Ng5 Ne3 25. Rd3 Nc4 26. Rdd1 Ne5 27. Ba2 Nf3 28. Nxf3 1-0


[Site "https://www.chess.com"]

[Event "Titled Tuesday Blitz December 7 2021"]
[White "Kislinsky, Alexey"]
[Black "Topalov, Aleksandar"]
[WhiteFideId "14108801"]
[BlackFideId "925659"]
[WhiteElo "2712"]
[BlackElo "2400"]
[Result "1/2-1/2"]
[Round "01"]
[TimeControl "180+1"]
[Date "2021.12.07"]
[WhiteClock "0:00:49"]
[BlackClock "0:01:48"]

1. e4 e6 2. d4 d5 3. Nd2 Nf6 4. Bd3 b6 5. e5 Ng8 6. c3 Qd7 7. Ngf3 Ba6 8. Nf1 Bxd3 9. Qxd3 c5 10. Ng3 Nc6 11. O-O h6 12. Be3 c4 13. Qe2 g6 14. b3 Na5 15. Nd2 Rc8 16. b4 Nc6 17. a4 Nce7 18. f4 h5 19. Nf3 Nh6 20. Nh4 Nef5 21. Nhxf5 Nxf5 22. Nxf5 gxf5 23. a5 b5 24. Rf3 h4 25. Rh3 Be7 26. Bf2 Kd8 27. Qe1 Kc7 28. Bxh4 Rcg8 29. Kh1 Kc6 30. Qf2 Rh5 31. Bxe7 Rxh3 32. gxh3 Qxe7 33. Rg1 Rxg1+ 34. Qxg1 Qh4 35. Qg3 Qh5 36. h4 Qd1+ 37. Kg2 Qe2+ 38. Kg1 Qd1+ 39. Kg2 Qe2+ 40. Qf2 Qg4+ 41. Qg3 Qe2+ 1/2-1/2


[Site "https://www.chess.com"]

[Event "Titled Tuesday Blitz December 7 2021"]
[White "Korchmar, Vasiliy"]
[Black "Saez Coma, Alejandro"]
[WhiteFideId "24131750"]
[BlackFideId "32004818"]
[WhiteElo "2709"]
[BlackElo "2396"]
[Result "1-0"]
[Round "01"]
[TimeControl "180+1"]
[Date "2021.12.07"]
[WhiteClock "0:00:03"]
[BlackClock "0:00:21"]

1. e4 c5 2. Nf3 g6 3. d4 cxd4 4. Nxd4 Bg7 5. c4 Nc6 6. Be3 d6 7. Nc3 Nxd4 8. Bxd4 Nf6 9. Be2 O-O 10. O-O a5 11. f3 Bd7 12. b3 Bc6 13. Qd2 Nd7 14. Be3 Nc5 15. Rab1 Qb6 16. Rfc1 Rfc8 17. Nd5 Bxd5 18. exd5 Qb4 19. Bf1 Qxd2 20. Bxd2 Bd4+ 21. Kh1 b6 22. Re1 Bf6 23. g4 Rc7 24. a3 a4 25. b4 Nb3 26. Bh6 Bg7 27. Bg5 Bf6 28. Bxf6 exf6 29. Red1 Re8 30. Kg2 Re5 31. Kf2 Kg7 32. Bd3 Rce7 33. Rb2 b5 34. cxb5 Rxd5 35. Be2 Rxd1 36. Bxd1 Rb7 37. Bxb3 axb3 38. Rxb3 Rxb5 39. a4 Rb8 40. b5 Kf8 41. b6 Ke7 42. a5 Kd7 43. b7 Rxb7 44. Rxb7+ Kc6 45. Rb2 1-0


[Site "https://www.chess.com"]

[Event "Titled Tuesday Blitz December 7 2021"]
[White "Krivonosov, Oleg"]
[Black "Seletsky, Grigory"]
[WhiteFideId "11600349"]
[BlackFideId "14112191"]
[WhiteElo "2725"]
[BlackElo "2410"]
[Result "1-0"]
[Round "01"]
[TimeControl "180+1"]
[Date "2021.12.07"]
[WhiteClock "0:01:33"]
[BlackClock "0:00:40"]

1. Nf3 c6 2. c4 d5 3. cxd5 cxd5 4. d4 Nc6 5. Nc3 Nf6 6. Bf4 Bf5 7. e3 e6 8. Qb3 Qb6 9. Bb5 Nd7 10. O-O Be7 11. Rfc1 O-O 12. Na4 Qd8 13. Bxc6 bxc6 14. Rxc6 Nf6 15. Rac1 h6 16. h3 Ne4 17. Qb7 Bf6 18. Nc5 Nxc5 19. R1xc5 Bb1 20. a3 Be7 21. Rc1 Bd3 22. Ne5 Rb8 23. Qxa7 Bb5 24. Rc7 Bd6 25. Rxf7 Bxe5 26. Rxf8+ Qxf8 27. Bxe5 Bc4 28. Qxb8 1-0


[Site "https://www.chess.com"]

[Event "Titled Tuesday Blitz December 7 2021"]
[White "Krutko, Anatoly"]
[Black "Svane, Frederik"]
[WhiteFideId "4185862"]
[BlackFideId "12923044"]
[WhiteElo "2459"]
[BlackElo "2846"]
[Result "0-1"]
[Round "01"]
[TimeControl "180+1"]
[Date "2021.12.07"]
[WhiteClock "0:02:00"]
[BlackClock "0:02:08"]

1. e4 c5 2. Nf3 e6 3. d3 Nc6 4. g3 d5 5. Nbd2 Nf6 6. Bg2 Be7 7. O-O O-O 8. Re1 b5 9. e5 Nd7 10. Nf1 b4 11. h4 a5 12. Bf4 Ba6 13. N1h2 Qc7 14. h5 h6 15. Ng4 Rfc8 16. Qc1 Nd4 17. Bxh6 Nxf3+ 18. Bxf3 gxh6 19. Qxh6 Qd8 20. Be4 dxe4 21. Rxe4 Bg5 22. Nf6+ Qxf6 0-1


[Site "https://www.chess.com"]

[Event "Titled Tuesday Blitz December 7 2021"]
[White "Lagunow, Raphael"]
[Black "Holt, Conrad"]
[WhiteFideId "24652644"]
[BlackFideId "2034387"]
[WhiteElo "2456"]
[BlackElo "2822"]
[Result "0-1"]
[Round "01"]
[TimeControl "180+1"]
[Date "2021.12.07"]
[WhiteClock "0:00:46"]
[BlackClock "0:01:08"]

1. e4 e6 2. b3 d5 3. Bb2 dxe4 4. Nc3 Nf6 5. Qe2 Nc6 6. Nxe4 Be7 7. Nf3 O-O 8. O-O-O a5 9. a4 Nb4 10. d4 b5 11. Nxf6+ Bxf6 12. Qxb5 c5 13. Qxc5 Bb7 14. Bc4 Rc8 15. Qh5 Be4 16. Ne1 Rxc4 17. bxc4 Qc7 18. f3 Bg6 19. Qc5 Qf4+ 20. Kb1 Rb8 21. g3 Qe3 22. Qc7 Na6 23. Qf4 Qb3 24. Qc1 Nb4 0-1


[Site "https://www.chess.com"]